 Dungeon Crawl Stone Soup version 0.28-a0-793-g31680bbd8b (webtiles) character file.

Game seed: 15775259808671888537

621153 RepHenryClay the Impregnable (level 27, -13/161 HPs)
             Began as a Vine Stalker Fighter on Nov 2, 2021.
             Was a High Priest of Okawaru.
             Mangled by an Orb Guardian (30 damage)
             ... on level 5 of the Realm of Zot on Nov 4, 2021.
             The game lasted 02:32:40 (56502 turns).

RepHenryClay the Impregnable (VSFi)                Turns: 56502, Time: 02:32:40

Health: -13/161    AC: 46    Str: 41    XL:     27
Magic:  0/33       EV: 28    Int:  6    God:    Okawaru [*****.]
Gold:   5534       SH:  8    Dex: 26    Spells: 26/26 levels left

rFire   + + .      SeeInvis +   a - +9 demon blade (vamp)
rCold   + + +      Faith    .   c - +0 buckler {rC+}
rNeg    + . .      Spirit   +   p - +8 gold dragon scales
rPois   +          Reflect  .   u - +2 helmet {SInv}
rElec   +          Harm     .   H - +0 cloak "Uzuneig" {Slay+5}
rCorr   +          Rampage  .   I - +0 pair of gloves of the Six Mystics {rPois Will+ rCorr}
Will    ++++.                   T - +1 pair of boots {Fly}
Stlth   ..........              A - amulet of regeneration
HPRegen 2.36/turn               f - ring "Goalezys" {rElec Str+7 Dex+6}
MPRegen 0.23/turn               U - ring of Urusinku {rN+ Str+4 Dex+6}

@: resistant, heroic, flying, studying 4 skills
A: fangs 3, regeneration 1, magic shield, antimagic bite, no potion heal 2,
clumsy 1, dopey 1, subdued magic 1
}: 3/15 runes: decaying, silver, gossamer
a: Renounce Religion, Heroism, Finesse, Duel


You were on level 5 of the Realm of Zot.
You worshipped Okawaru.
Okawaru was extremely pleased with you.
You visited 10 branches of the dungeon, and saw 49 of its levels.
You also visited: Trove, Gauntlet and Ice Cave.

You collected 6993 gold pieces.
You spent 1459 gold pieces at shops.

Inventory:

Hand Weapons
 a - a +9 vampiric demon blade (weapon)
 b - the +6 scimitar "Wucs" {flame, Int+7 Stlth+}
   (Okawaru gifted it to you on level 1 of the Elven Halls)

   It burns those it strikes, dealing additional fire damage.
   Big, fiery blades are also staple armaments of hydra-hunters.
   Int:       It affects your intelligence (+7).
   Stlth:     It makes you more stealthy.
 v - the +7 scimitar "Jakynt" {vorpal, Will+ Int-2 SInv Stlth+}
   (You found it on level 3 of the Lair of Beasts)

   It inflicts extra damage upon your enemies.
   Int:       It affects your intelligence (-2).
   SInv:      It lets you see invisible.
   Will:      It increases your willpower.
   Stlth:     It makes you more stealthy.
Missiles
 g - a throwing net (quivered)
Armour
 c - a +0 buckler of cold resistance (worn)
 p - +8 gold dragon scales (worn)
 u - a +2 helmet of see invisible (worn)
 B - a scarf of repulsion
 H - the +0 cloak "Uzuneig" (worn) {Slay+5}
   (Okawaru gifted it to you on level 1 of the Realm of Zot)

   Slay:      It affects your accuracy & damage with ranged weapons and melee
   (+5).
 I - the +0 pair of gloves of the Six Mystics (worn) {rPois Will+ rCorr}
   (You acquired it on level 3 of the Vaults)

   rPois:     It protects you from poison.
   rCorr:     It protects you from acid and corrosion.
   Will:      It increases your willpower.
 T - a +1 pair of boots of flying (worn)
Jewellery
 d - a +6 ring of dexterity
 f - the ring "Goalezys" (left hand) {rElec Str+7 Dex+6}
   (You found it in a treasure trove)

   [ring of dexterity]

   Str:       It affects your strength (+7).
   Dex:       It affects your dexterity (+6).
   rElec:     It insulates you from electricity.
 t - the ring "Aqyricot" {Wiz Will++ rCorr Str-5 Int+8}
   (You found it on level 2 of the Depths)

   [ring of wizardry]

   It improves your spell success rate.
   Str:       It affects your strength (-5).
   Int:       It affects your intelligence (+8).
   rCorr:     It protects you from acid and corrosion.
   Will:      It greatly increases your willpower.
 w - the amulet "Okyalunn" {Faith Harm +Blink +Inv rN+}
   (You took it off a deep elf zephyrmancer on level 3 of the Elven Halls)

   [amulet of faith]

   It allows you to gain divine favour quickly.
   rN:        It protects you from negative energy.
   +Inv:      It lets you turn invisible.
   +Blink:    It lets you blink.
   Harm:      It increases damage dealt and taken.
 A - an amulet of regeneration (around neck)
 G - a +4 ring of evasion
 J - the ring of Hiafosa {rPois rC+++ rCorr Dex+2 Slay-6}
   (You found it in a Gauntlet)

   [ring of poison resistance]

   Dex:       It affects your dexterity (+2).
   Slay:      It affects your accuracy & damage with ranged weapons and melee
   (-6).
   rC:        It renders you almost immune to cold.
   rPois:     It protects you from poison.
   rCorr:     It protects you from acid and corrosion.
 M - the ring of Offarpho {Will+ rCorr Str+4 Int+3}
   (You took it off a minotaur in a Gauntlet)

   [ring of resist corrosion]

   Str:       It affects your strength (+4).
   Int:       It affects your intelligence (+3).
   rCorr:     It protects you from acid and corrosion.
   Will:      It increases your willpower.
 Q - a +4 ring of slaying
 R - the ring of Rathraz {rC+ Dex+3}
   (You found it on level 2 of the Depths)

   [ring of protection from cold]

   Dex:       It affects your dexterity (+3).
   rC:        It protects you from cold.
 U - the ring of Urusinku (right hand) {rN+ Str+4 Dex+6}
   (You found it on level 3 of the Elven Halls)

   [ring of dexterity]

   Str:       It affects your strength (+4).
   Dex:       It affects your dexterity (+6).
   rN:        It protects you from negative energy.
 V - a ring of protection from fire
 X - the ring of Zuhydoh {rF+ rC+}
   (You found it on level 5 of the Lair of Beasts)

   [ring of protection from cold]

   rF:        It protects you from fire.
   rC:        It protects you from cold.
 Y - the amulet "Kilium" {Reflect SH+5 Stlth+}
   (You found it on level 3 of the Realm of Zot)

   [amulet of reflection]

   It reflects blocked missile attacks.
   SH:        It affects your SH (+5).
   Stlth:     It makes you more stealthy.
Wands
 s - a wand of iceblast (81)
 y - a wand of digging (19)
 E - a wand of paralysis (27)
 L - a wand of acid (22)
 Z - a wand of mindburst (14)
Scrolls
 j - 7 scrolls of fog
 k - 5 scrolls of brand weapon
 o - 24 scrolls of teleportation
 q - 23 scrolls of identify {@r1}
 z - 5 scrolls of blinking
 D - 3 scrolls of fear
 K - 7 scrolls of enchant weapon
Potions
 h - 3 potions of resistance
 i - 28 potions of curing
 l - 10 potions of might
 r - 7 potions of haste
 x - 6 potions of magic
 F - 7 potions of mutation
 O - 10 potions of ambrosia
 P - 8 potions of flight
 S - 7 potions of cancellation
 W - a potion of invisibility
Miscellaneous
 m - a condenser vane
 n - a lightning rod (4/4)


   Skills:
 - Level 22.0(27) Fighting
 - Level 15.4(20.4) Long Blades
 - Level 3.9(8.9) Throwing
 - Level 22.6(27) Armour
 + Level 19.5(24.5) Dodging
 - Level 5.6(10.6) Shields
 - Level 12.1 Invocations
 + Level 13.2 Evocations


You had 26 spell levels left.
You didn't know any spells.
Your spell library contained the following spells:

 Spells                   Type           Power      Damage    Failure   Level
 Apportation              Tloc           0%         N/A       83%         1
 Beastly Appendage        Tmut           0%         N/A       83%         1
 Freeze                   Ice            0%         1d3       83%         1
 Magic Dart               Conj           0%         1d3       83%         1
 Pain                     Necr           0%         1d4       83%         1
 Sandblast                Erth           0%         2d4       83%         1
 Shock                    Conj/Air       0%         1d3       83%         1
 Slow                     Hex            0%         N/A       83%         1
 Sting                    Tmut/Pois      0%         1d3       83%         1
 Corpse Rot               Necr/Air       0%         N/A       93%         2
 Ensorcelled Hibernation  Hex/Ice        0%         N/A       93%         2
 Passwall                 Tmut/Erth      0%         N/A       93%         2
 Poisonous Vapours        Pois/Air       0%         N/A       93%         2
 Static Discharge         Conj/Air       0%         N/A       93%         2
 Wereblood                Tmut           0%         N/A       93%         2
 Confusing Touch          Hex            0%         N/A       99%         3
 Conjure Flame            Conj/Fire      0%         6-21      99%         3
 Dazzling Flash           Conj/Hex       0%         N/A       99%         3
 Frozen Ramparts          Ice            0%         1d2       99%         3
 Ignite Poison            Fire/Tmut/Pois 0%         N/A       99%         3
 Inner Flame              Hex/Fire       0%         N/A       99%         3
 Mephitic Cloud           Conj/Pois/Air  0%         N/A       99%         3
 Ozocubu's Armour         Ice            0%         N/A       99%         3
 Portal Projectile        Hex/Tloc       0%         N/A       99%         3
 Spider Form              Tmut/Pois      0%         N/A       99%         3
 Stone Arrow              Conj/Erth      0%         3d7       99%         3
 Swiftness                Air            0%         N/A       99%         3
 Vampiric Draining        Necr           0%         2d6       99%         3
 Airstrike                Air            0%         N/A       100%        4
 Cause Fear               Hex            0%         N/A       100%        4
 Dispel Undead            Necr           0%         3d6       100%        4
 Hailstorm                Conj/Ice       0%         3d3       100%        4
 Ice Form                 Ice/Tmut       0%         N/A       100%        4
 Iskenderun's Mystic Bla  Conj/Tloc      0%         2d3       100%        4
 Leda's Liquefaction      Hex/Erth       0%         N/A       100%        4
 Olgreb's Toxic Radiance  Pois           0%         N/A       100%        4
 Passage of Golubria      Tloc           0%         N/A       100%        4
 Sticky Flame             Conj/Fire      0%         2d3       100%        4
 Agony                    Necr           0%         N/A       100%        5
 Alistair's Intoxication  Tmut/Pois      0%         N/A       100%        5
 Blade Hands              Tmut           0%         N/A       100%        5
 Excruciating Wounds      Necr           0%         N/A       100%        5
 Fireball                 Conj/Fire      0%         3d3       100%        5
 Freezing Cloud           Conj/Ice/Air   0%         6-21      100%        5
 Iskenderun's Battlesphe  Conj           0%         2d6       100%        5
 Lightning Bolt           Conj/Air       0%         1d11      100%        5
 Metabolic Englaciation   Hex/Ice        0%         N/A       100%        5
 Yara's Violent Unravell  Hex/Tmut       0%         3d3       100%        5
 Conjure Ball Lightning   Conj/Air       0%         3x3d6     100%        6
 Dispersal                Tloc           0%         N/A       100%        6
 Invisibility             Hex            0%         N/A       100%        6
 Iron Shot                Conj/Erth      0%         9d1       100%        6
 Starburst                Conj/Fire      0%         6d3       100%        6
 Statue Form              Tmut/Erth      0%         N/A       100%        6
 Orb of Destruction       Conj           0%         N/A       100%        7
 Ozocubu's Refrigeration  Ice            0%         4d5       100%        7
 Borgnjor's Revivificati  Necr           0%         N/A       100%        8
 Discord                  Hex            0%         N/A       100%        8
 Disjunction              Tloc           0%         N/A       100%        8
 Ignition                 Fire           0%         3d3       100%        8
 Maxwell's Capacitive Co  Air            0%         ∞         100%        8
 Necromutation            Tmut/Necr      0%         N/A       100%        8
 Death's Door             Necr           0%         N/A       100%        9
 Fire Storm               Conj/Fire      0%         5d1       100%        9
 Polar Vortex             Ice            0%         N/A       100%        9
 Shatter                  Erth           0%         3d5*      100%        9
 Animate Skeleton         Necr           Unusable   N/A       N/A         1
 Call Imp                 Summ           Unusable   N/A       N/A         2
 Call Canine Familiar     Summ           Unusable   N/A       N/A         3
 Tukima's Dance           Hex            Unusable   N/A       N/A         3
 Animate Armour           Summ/Erth      Unusable   N/A       N/A         4
 Summon Ice Beast         Ice/Summ       Unusable   N/A       N/A         4
 Summon Mana Viper        Hex/Summ       Unusable   N/A       N/A         5
 Death Channel            Necr           Unusable   N/A       N/A         6
 Simulacrum               Ice/Necr       Unusable   N/A       N/A         6

Dungeon Overview and Level Annotations

Branches:
Dungeon (15/15)            Temple (1/1) D:5            Lair (6/6) D:8
  Swamp (4/4) Lair:3       Spider (4/4) Lair:4        Slime (0/5) Lair:6
    Orc (2/2) D:10            Elf (3/3) Orc:2        Vaults (5/5) D:13
  Crypt (0/3) Vaults:3     Depths (4/4) D:15            Zot (5/5) Depths:4
  IceCv (visited)         Gauntlet (visited)

Altars:
Ashenzari
Cheibriados
Dithmenos
Elyvilon
Fedhas
Gozag
Hepliaklqana
Kikubaaqudgha
Makhleb
Nemelex Xobeh
Okawaru
Qazlal
Ru
Sif Muna
Trog
Uskayaw
Vehumet
Wu Jian
Xom
Yredelemnul
Zin
The Shining One

Shops:
D:3 !   D:10 ?   Orc:2 [(=![   Elf:1 :   Vaults:4 [

Portals:
Hell: Depths:1 Depths:2 Depths:3 Depths:4
Abyss: Depths:3
Pandemonium: Depths:2 Depths:4
Ziggurat: Depths:2

Annotations:
Elf:1 1 runed translucent door


Innate Abilities, Weirdness & Mutations

You have razor-sharp teeth.
Your natural rate of healing is unusually fast.
When hurt, damage is shared between your health and your magic reserves.
Your bite disrupts and absorbs the magic of your enemies.
Potions cannot restore your health.
You are clumsy. (Dex -2)
You are dopey. (Int -2)
Your spells are a little easier to cast, but a little less powerful.


Message History

* * * LOW HITPOINT WARNING * * *
Huge Dmg: -35%(-56hp) hp: 25%(40hp)
You hit the Orb Guardian.
You feel better.
You bite the Orb Guardian! You drain its power.
You feel invigorated.
The Orb Guardian is moderately wounded.
The Orb Guardian misses you. You block the Orb Guardian's attack.
You hit the Orb Guardian but do no damage.
You bite the Orb Guardian. You drain its power.
You feel invigorated.
The Orb Guardian is moderately wounded.
The Orb Guardian barely misses you. The Orb Guardian completely misses you.
You slice the Orb Guardian!!
You feel better.
You bite the Orb Guardian! You drain its power.
You feel invigorated.
The Orb Guardian is severely wounded.
The Orb Guardian misses you.
The Orb Guardian hits you but does no damage.
The Orb Guardian hits you!
* * * LOW HITPOINT WARNING * * *
Unknown command.
You closely miss the Orb Guardian. Your bite misses the Orb Guardian.
The Orb Guardian is severely wounded.
The Orb Guardian hits you!
* * * LOW HITPOINT WARNING * * *
The Orb Guardian barely misses you. x2
Damage: -5%(-8hp) hp: 24%(38hp) Unknown command.
You completely miss the Orb Guardian. Your bite misses the Orb Guardian.
The Orb Guardian is severely wounded.
The Orb Guardian completely misses you.
The Orb Guardian hits you but does no damage.
You slice the Orb Guardian!! You bite the Orb Guardian!!
You kill the Orb Guardian!
Okawaru accepts your kill. The Orb Guardian hits you!!!
* * * LOW HITPOINT WARNING * * *
Huge Dmg: -13%(-22hp) hp: 12%(18hp)
You completely miss the Orb Guardian. Your bite misses the Orb Guardian.
The Orb Guardian hits you.
* * * LOW HITPOINT WARNING * * *
The Orb Guardian hits you!!!
You die...

**,,,,,,,,,,,,,,,,,,,,,,** ******
*,,............^....,,,,,*
,,,,,***,^...............[..,,,,*
,,,,,,**,,...................,,**
,,^,,,,*,,....^...............**
,,,,,,,,,,......^............▓▓
,,,^,,,*,,....................▓*
,,,,,,**,,..^..................**
,,,,,***,,......X@.............,*
****** *,,.....................,*
**,.....................**
**▓...................▓*
▓▓▓▓.......^^......▓*
#▓▓▓▓▓▓▓▓▓▓▓##.....▓▓
###.........).......^.#*
##.^..##......)†).^.....#*
#######...###..................**


You could see an Orb Guardian (berserk).

Vanquished Creatures
  A dread lich (Zot:5)
  3 orbs of fire
  4 ancient liches
  The ghost of SirDiesAlot the Slayer, a legendary MiDe of Zin (Zot:3)
  Sojobo (D:15)
  2 Killer Klowns (Zot:5)
  Margery (Vaults:4)
  Xtahua (Vaults:3)
  A caustic shrike (Depths:1)
  2 curse toes
  15 golden dragons
  Nikola (Swamp:3)
  2 bone dragons
  Arachne (Spider:1)
  The ghost of flotson the Spry, an adept DsDe of Gozag (Depths:1)
  3 electric golems
  3 hellephants (Depths:1)
  A lich (Depths:2)
  21 tentacled monstrosities
  2 walking frostbound tomes (Depths:4)
  10 Orb Guardians (Zot:5)
  Mlioglotl (Spider:2)
  3 quicksilver dragons
  2 deep elf master archers (Elf:3)
  4 titans (Vaults:5)
  Asterion (Spider:1)
  3 walking earthen tomes (Depths:2)
  2 deep elf blademasters (Elf:3)
  A walking divine tome (Depths:2)
  16 death cobs
  2 sphinxes
  16 storm dragons
  2 thorn hunters (Swamp:4)
  Gastronok (Lair:3)
  14 tengu reavers
  Agnes (Spider:2)
  Donald (Elf:3)
  8 draconian monks
  13 shadow dragons
  9 fire giants
  Roxanne (Elf:3)
  9 draconian knights
  2 iron dragons
  6 deep elf sorcerers
  Aizul (Swamp:1)
  10 ghost moths
  12 vault wardens
  8 frost giants
  7 draconian scorchers
  A balrug (Depths:2)
  3 cacodemons (Zot:1)
  7 emperor scorpions
  3 orc warlords
  A deep elf elementalist (Elf:3)
  9 draconian shifters
  2 ghouls
  Louise (Swamp:3)
  3 draconian stormcallers
  29 very ugly things
  A spriggan defender (Depths:3)
  A reaper (IceCv)
  12 stone giants
  7 draconian annihilators
  22 ironbound preservers
  A war gargoyle (Vaults:5)
  13 green draconians
  10 deep elf demonologists
  4 vampire knights
  6 deep elf annihilators
  11 white draconians
  3 entropy weavers
  10 dire elephants
  A bunyip (shapeshifter) (Vaults:5)
  3 demonspawn black suns (Zot:4)
  6 spark wasps
  7 black draconians
  13 red draconians
  5 bunyips
  The ghost of Tewud the Maledictor, a journeyman FeIE of Vehumet (Vaults:1)
  18 purple draconians
  12 yellow draconians
  A minotaur (Gauntlet)
  Snorg (Orc:2)
  5 deep elf death magi
  7 eleionomae
  2 crystal guardians (Vaults:4)
  6 fire dragons
  An ettin (shapeshifter) (Depths:2)
  9 ettins
  16 yaktaur captains
  4 deep elf high priests
  Erolcha (Orc:1)
  A rakshasa (Depths:2)
  3 ironbound thunderhulks
  Harold (D:7)
  An ice dragon (shapeshifter) (Vaults:5)
  11 ice dragons
  33 hydras
  6 great orbs of eyes
  2 peacekeepers (Vaults:4)
  A spectral tengu (Vaults:1)
  8 boulder beetles
  22 centaur warriors
  4 spriggan air magi
  28 vault guards
  3 ghost crabs
  3 catoblepae
  27 death yaks
  7 ironbound frosthearts
  20 dancing weapons
  12 two-headed ogres
  6 deep troll shamans
  4 ogre magi
  16 alligators
  4 tengu warriors
  An anaconda (shapeshifter) (Depths:3)
  A spectral stone giant (Vaults:1)
  A spectral human (Vaults:1)
  7 hell hogs (Depths:1)
  8 deep troll earth magi
  A spectral storm dragon (Vaults:1)
  2 vampire magi
  Urug (Lair:5)
  5 spriggan berserkers
  An orc high priest (Elf:2)
  15 deep elf knights
  5 hell knights
  4 iron trolls
  A spectral yaktaur (Vaults:1)
  7 goliath frogs
  A golden dragon zombie (Vaults:1)
  70 deep trolls
  3 spriggan druids
  A death drake (shapeshifter) (Vaults:2)
  3 glowing orange brains
  An obsidian statue (Zot:5)
  9 swamp dragons
  A tengu zombie (Vaults:3)
  4 flayed ghosts
  9 wizards
  3 phantasmal warriors
  Pikel (D:6)
  10 bog bodies
  9 lindwurms
  A swamp dragon (shapeshifter) (Vaults:2)
  11 ironbound convokers
  9 deep elf archers
  33 deep elf pyromancers
  32 wolf spiders
  11 orc knights
  6 will-o-the-wisps
  36 ugly things
  33 deep elf zephyrmancers
  15 orb spiders
  4 orc sorcerers
  6 necromancers
  A wolf spider (shapeshifter) (Vaults:5)
  2 stone giant zombies
  A moth of wrath (shapeshifter) (Vaults:5)
  33 moths of wrath
  5 cyclopes
  An elephant (shapeshifter) (Vaults:4)
  3 manticores
  A worldbinder (Gauntlet)
  6 elephants
  8 black mambas
  A centaur zombie (D:11)
  2 ice statues (IceCv)
  An eye of devastation (shapeshifter) (Depths:1)
  A torpor snail (shapeshifter) (Elf:1)
  14 vault sentinels
  An orange demon (Depths:2)
  3 rust devils (Depths:2)
  A water nymph (shapeshifter) (Elf:1)
  A gargoyle (D:12)
  2 torpor snails
  15 cane toads
  An elf skeleton (Vaults:1)
  A yaktaur zombie (Vaults:3)
  Psyche (D:12)
  A rime drake (shapeshifter) (Vaults:2)
  10 demonic crawlers
  An efreet (Gauntlet)
  9 komodo dragons
  A kobold demonologist (D:13)
  An unseen horror (D:11)
  A freezing wraith (IceCv)
  12 rime drakes
  46 yaktaurs
  3 anaconda simulacra (IceCv)
  A hellwing (Depths:2)
  3 tengu conjurers
  6 ice devils (IceCv)
  2 entropy weaver simulacra (IceCv)
  3 meliai (Spider:2)
  A queen bee (Spider:2)
  49 jumping spiders
  10 trolls
  2 spectral glowing shapeshifters (Vaults:1)
  7 tyrant leeches
  16 hornets
  26 slime creatures
  A polar bear (Lair:4)
  A raiju (Swamp:4)
  A raiju (shapeshifter) (D:14)
  12 dream sheep (Lair:6)
  A snapping turtle (shapeshifter) (Vaults:5)
  14 blink frogs (Lair:6)
  5 flying skulls (Gauntlet)
  A stone giant simulacrum (Vaults:1)
  2 shadows (D:11)
  58 redbacks
  An air elemental (Elf:1)
  A water elemental (Elf:3)
  A redback (shapeshifter) (Depths:4)
  6 spriggans
  10 wyverns
  3 dire elephant simulacra (IceCv)
  5 wraiths
  4 fire elementals
  23 tarantellas
  6 basilisks
  48 yaks
  A neqoxec (Depths:2)
  3 vampire mosquitoes
  A chaos spawn (Depths:2)
  A death yak simulacrum (IceCv)
  13 steam dragons
  An acid dragon (Lair:2)
  2 harpy simulacra (IceCv)
  6 wargs
  15 swamp worms
  Duvessa (D:7)
  3 floating eyes (Depths:1)
  3 hell hounds (Gauntlet)
  A floating eye (shapeshifter) (Vaults:5)
  15 water moccasins
  31 orc warriors
  A sky beast (D:6)
  12 swamp drakes
  An ice beast (shapeshifter) (Vaults:5)
  5 black bears
  6 necrophages
  29 ogres
  A human zombie (Vaults:1)
  8 wolves
  A boggart (Gauntlet)
  10 centaurs
  A phantom (D:5)
  An elf simulacrum (Vaults:1)
  A lemure (D:6)
  4 kobold brigands (D:13)
  13 bullfrogs
  A gnoll sergeant (D:7)
  Dowan (D:6)
  4 earth elementals
  2 wyvern skeletons
  26 killer bees
  4 wights
  7 howler monkeys
  3 electric eels
  2 bullfrog zombies (D:5)
  6 orc priests
  2 centaur skeletons (D:6)
  2 hounds
  13 jellies
  Crazy Yiuf (D:7)
  A bullfrog skeleton (D:5)
  A gnoll shaman (D:5)
  A scorpion zombie (D:4)
  Ijyb (D:4)
  4 iguanas
  16 orc wizards
  2 troll simulacra (IceCv)
  Terence (D:3)
  14 hell rats
  A killer bee zombie (D:6)
  A hound zombie (D:5)
  2 howler monkey zombies
  A howler monkey skeleton (D:7)
  7 gnolls
  10 adders
  A river rat (D:8)
  A white imp (D:6)
  2 ufetubi
  2 adder zombies (D:4)
  A worm (D:3)
  3 dart slugs
  68 orcs
  5 bats
  13 endoplasms
  4 giant cockroaches
  12 goblins
  6 hobgoblins
  9 jackals
  8 kobolds
  5 quokkas
  6 ball pythons
  7 frilled lizards
  28 rats
  A spectral kobold (D:10)
  2 bushes (D:4)
2150 creatures vanquished.

Vanquished Creatures (collateral kills)
  An ironbound preserver (Vaults:3)
1 creature vanquished.

Vanquished Creatures (others)
  A draconian monk (Zot:1)
  A draconian knight (Zot:1)
  2 hydras (Swamp:3)
  An alligator (Swamp:3)
  A vampire mage (Depths:1)
  3 deep elf knights
  A deep elf zephyrmancer (Elf:2)
  A moth of wrath (Zot:3)
  A yaktaur (Vaults:2)
  5 bloated husks
  A steam dragon (Lair:2)
  A howler monkey (D:12)
  An orc priest (Elf:2)
  An orc (Elf:2)
  42 foxfires
  47 fungi
  53 plants
  A withered plant (Depths:2)
164 creatures vanquished.

Grand Total: 2315 creatures vanquished

Notes
Turn   | Place    | Note
-------+----------+-------------------------------------------
     0 | D:1      | RepHenryClay the Vine Stalker Fighter began the quest for
                  | the Orb.
     0 | D:1      | Reached XP level 1. HP: 11/11 MP: 2/2
    54 | D:1      | Reached XP level 2. HP: 12/16 MP: 1/3
   309 | D:1      | Reached XP level 3. HP: 13/19 MP: 2/4
  1486 | D:2      | Found a radiant altar of Vehumet.
  1492 | D:2      | Gained mutation: Your natural rate of healing is unusually
                  | fast. [Vine Stalker growth]
  1492 | D:2      | Reached XP level 4. HP: 23/23 MP: 5/5
  1761 | D:2      | Reached XP level 5. HP: 27/27 MP: 6/6
  2447 | D:3      | Noticed Terence
  2454 | D:3      | Killed Terence
  2477 | D:3      | Found a sparkling altar of Nemelex Xobeh.
  2571 | D:3      | Reached skill level 5 in Long Blades
  2747 | D:3      | Found Umoqid's Distillery.
  2758 | D:3      | Bought a potion of curing for 42 gold pieces
  2758 | D:3      | Bought a potion of berserk rage for 70 gold pieces
  3022 | D:4      | Noticed Ijyb
  3026 | D:4      | Noticed a black bear
  3039 | D:4      | Killed Ijyb
  3128 | D:4      | Killed a black bear
  3129 | D:4      | Reached XP level 6. HP: 18/32 MP: 3/7
  3653 | D:4      | Reached XP level 7. HP: 35/35 MP: 5/8
  3823 | D:4      | Found a blossoming altar of Fedhas.
  4057 | D:4      | Gained mutation: You have razor-sharp teeth. [Vine Stalker
                  | growth]
  4057 | D:4      | Reached XP level 8. HP: 39/39 MP: 9/9
  4103 | D:5      | Entered Level 5 of the Dungeon
  4249 | D:5      | Noticed a wyvern
  4250 | D:5      | Found a transporter.
  4254 | D:5      | Found a transporter.
  4271 | D:5      | Found a glowing silver altar of Zin.
  4271 | D:5      | Found a sacrificial altar of Ru.
  4847 | D:5      | Found a snail-covered altar of Cheibriados.
  4947 | D:5      | Found a staircase to the Ecumenical Temple.
  4956 | Temple   | Entered the Ecumenical Temple
  5172 | Temple   | Became a worshipper of Warmaster Okawaru
  5237 | D:6      | Reached skill level 1 in Invocations
  5298 | D:6      | Reached XP level 9. HP: 43/43 MP: 11/11
  5327 | D:6      | Reached skill level 10 in Long Blades
  5446 | D:6      | Reached * piety under Okawaru
  6223 | D:7      | Reached skill level 5 in Invocations
  6257 | D:7      | Noticed Dowan
  6258 | D:7      | Noticed Duvessa
  6330 | D:7      | Noticed Pikel
  6346 | D:7      | Killed Duvessa
  6346 | D:7      | Reached ** piety under Okawaru
  6359 | D:6      | Killed Dowan
  6470 | D:6      | Killed Pikel
  6471 | D:6      | Reached skill level 5 in Shields
  6471 | D:6      | Reached XP level 10. HP: 47/47 MP: 14/14
  6492 | D:7      | Reached *** piety under Okawaru
  6582 | D:7      | Found an ornate altar of the Wu Jian Council.
  6768 | D:7      | Found a runed translucent door.
  6769 | D:7      | Noticed Crazy Yiuf
  6774 | D:7      | Killed Crazy Yiuf
  7261 | D:8      | Noticed a death yak
  7262 | D:8      | Noticed a death yak
  7262 | D:8      | Noticed a death yak
  7418 | D:7      | Killed a death yak
  7437 | D:8      | Noticed Harold
  7456 | D:7      | Killed Harold
  7456 | D:7      | Reached **** piety under Okawaru
  7457 | D:7      | Reached skill level 5 in Armour
  7634 | D:7      | Killed a death yak
  7734 | D:7      | Killed a death yak
  7734 | D:7      | Reached ***** piety under Okawaru
  7735 | D:7      | Reached XP level 11. HP: 50/51 MP: 13/15
  7944 | D:8      | Found a staircase to the Lair.
  8694 | D:9      | Received a gift from Okawaru
  9075 | D:10     | Entered Level 10 of the Dungeon
  9075 | D:10     | Noticed a two-headed ogre
  9157 | D:9      | Killed a two-headed ogre
  9352 | D:10     | Found a hazy altar of Hepliaklqana.
  9452 | D:10     | Noticed a fire dragon
  9483 | D:10     | Killed a fire dragon
  9722 | D:10     | Found a portal to a secret trove of treasure.
  9808 | D:10     | Found Kudifuhy's Magic Scroll Emporium.
  9858 | D:10     | Noticed a white ugly thing
  9863 | D:10     | HP: 2/51 [white ugly thing (25)]
  9976 | Lair:1   | Entered Level 1 of the Lair of Beasts
 10030 | Lair:1   | Noticed a six-headed hydra
 10084 | Lair:1   | Killed a seven-headed hydra
 10254 | Lair:1   | Received a gift from Okawaru
 10255 | Lair:1   | Reached XP level 12. HP: 24/56 MP: 12/18
 10515 | Lair:1   | Noticed a six-headed hydra
 10534 | Lair:1   | Killed a six-headed hydra
 10684 | Lair:1   | Identified the +0 helmet of the Disturbing Suns {rElec
                  | Dex+2}
 11016 | Lair:2   | Noticed a five-headed hydra
 11062 | Lair:2   | Killed a five-headed hydra
 11239 | Lair:2   | Noticed a five-headed hydra
 11271 | Lair:2   | Killed a five-headed hydra
 11345 | Lair:2   | Reached skill level 10 in Invocations
 11426 | Lair:2   | Received a gift from Okawaru
 11457 | Lair:2   | Reached ****** piety under Okawaru
 11678 | Lair:2   | Noticed a death yak
 11679 | Lair:2   | Noticed a death yak
 11679 | Lair:2   | Noticed a death yak
 11679 | Lair:2   | Noticed a death yak
 11687 | Lair:2   | Noticed a death yak
 11713 | Lair:2   | Noticed a death yak
 11720 | Lair:2   | Killed a death yak
 11798 | Lair:1   | Killed a death yak
 11895 | Lair:1   | Killed a death yak
 11995 | Lair:1   | Killed a death yak
 11996 | Lair:1   | Reached XP level 13. HP: 51/59 MP: 11/23
 12004 | Lair:1   | Received a gift from Okawaru
 12416 | Lair:3   | Found a staircase to the Swamp.
 12739 | Lair:3   | Identified the +7 scimitar "Jakynt" {vorpal, Will+ Int-2
                  | SInv Stlth+}
 12771 | Lair:3   | Received a gift from Okawaru
 13037 | Lair:3   | Noticed Gastronok
 13064 | Lair:3   | Killed Gastronok
 13065 | Lair:3   | Reached skill level 15 in Long Blades
 13543 | Lair:4   | Identified the +5 rapier "Xeduq" {pain, rC+ Dex-4 SInv}
 13856 | Lair:4   | Got the Papyrus of Earthen Changing
 13879 | Lair:4   | Found a hole to the Spider Nest.
 14031 | Lair:4   | Identified the +5 falchion of Nastihek {holy, Str+7}
                  | (Okawaru gifted it to you on level 4 of the Lair of Beasts)
 14031 | Lair:4   | Received a gift from Okawaru
 14130 | Lair:4   | Reached XP level 14. HP: 66/66 MP: 24/24
 14371 | Lair:4   | You are sucked into a shaft and drop 1 floor!
 14409 | Lair:5   | Received a gift from Okawaru
 14555 | Lair:5   | Noticed Urug
 14575 | Lair:5   | Reached skill level 5 in Fighting
 14695 | Lair:4   | Received a gift from Okawaru
 14857 | Lair:5   | Identified the ring of Zuhydoh {rF+ rC+}
 14914 | Lair:5   | Reached skill level 10 in Armour
 15249 | Lair:5   | Killed Urug
 15645 | Lair:6   | Entered Level 6 of the Lair of Beasts
 15707 | Lair:6   | Received a gift from Okawaru
 15957 | Lair:6   | Received a gift from Okawaru
 16368 | Lair:6   | Reached XP level 15. HP: 20/77 MP: 6/25
 16421 | Lair:6   | Reached XP level 16. HP: 59/81 MP: 19/26
 16518 | Lair:5   | Received a gift from Okawaru
 16620 | Lair:6   | Found a staircase to the Slime Pits.
 17378 | D:10     | Found a staircase to the Orcish Mines.
 18026 | D:5      | Identified the +1 quarterstaff of Dust {venom, rF- MP+9
                  | Dex+9}
 18033 | D:5      | Upgraded the game from 0.28-a0-773-g130ae17fe5 to
                  | 0.28-a0-779-g3d1f99b579
 18148 | Orc:1    | Entered Level 1 of the Orcish Mines
 18148 | Orc:1    | Noticed Erolcha
 18151 | Orc:1    | Killed Erolcha
 18162 | Orc:1    | Found a frozen archway.
 18171 | IceCv    | Entered an ice cave
 18310 | IceCv    | Received a gift from Okawaru
 18609 | IceCv    | Got the Collected Works on the Frostbite
 19032 | Orc:2    | Entered Level 2 of the Orcish Mines
 19133 | Orc:2    | Noticed Snorg
 19161 | Orc:2    | Killed Snorg
 19237 | Orc:2    | Found Kiuneny's Antique Weapon Shop.
 19451 | Orc:2    | Bought a runed scimitar for 217 gold pieces
 19859 | Orc:2    | Found Totinan's Jewellery Boutique.
 19859 | Orc:2    | Found Noclavuwk's Antique Armour Shoppe.
 19907 | Orc:2    | Reached skill level 10 in Fighting
 19918 | Orc:2    | Found Cirir's Distillery.
 19951 | Orc:2    | Bought a ring of poison resistance for 280 gold pieces
 19982 | Orc:2    | Found Bumm's Antique Armour Shop.
 20004 | Orc:2    | Bought a runed plate armour for 650 gold pieces
 20004 | Orc:2    | Bought an embroidered scarf for 200 gold pieces
 20067 | Orc:2    | Found a staircase to the Elven Halls.
 20373 | D:11     | Found a gate leading to a gauntlet.
 20380 | Gauntlet | Entered a Gauntlet
 20380 | Gauntlet | Found a transporter.
 20390 | Gauntlet | Found a transporter.
 20405 | Gauntlet | Found a transporter.
 20410 | Gauntlet | Found a transporter.
 20425 | Gauntlet | Found a transporter.
 20444 | Gauntlet | Found a transporter.
 20456 | Gauntlet | Found a transporter.
 20468 | Gauntlet | Found a transporter.
 20474 | Gauntlet | Found a transporter.
 20486 | Gauntlet | Found a transporter.
 20501 | Gauntlet | Found a transporter.
 20507 | Gauntlet | Found a transporter.
 20544 | Gauntlet | Found a transporter.
 20546 | Gauntlet | Found a transporter.
 20572 | Gauntlet | Found a transporter.
 20574 | Gauntlet | Found a transporter.
 20594 | Gauntlet | Found a transporter.
 20708 | Gauntlet | Found a transporter.
 20975 | Gauntlet | Identified the +6 great sword of Moympoan {drain, rPois rN+
                  | Dex-3} (Okawaru gifted it to you in a Gauntlet)
 20975 | Gauntlet | Received a gift from Okawaru
 21040 | Gauntlet | Identified the ring of Hiafosa {rPois rC+++ rCorr Dex+2
                  | Slay-6}
 21059 | Gauntlet | Identified the +3 long sword of Earthquakes {holy, Fragile
                  | Int+6 Stlth+}
 21059 | Gauntlet | Identified the ring of Offarpho {Will+ rCorr Str+4 Int+3}
 21072 | Gauntlet | Identified the +0 scale mail of Mezcal {rN+ Str+8}
 21114 | D:11     | Reached XP level 17. HP: 87/89 MP: 25/27
 21145 | D:11     | Identified the +2 pair of boots "Deish" {rC+++ rCorr Str-3
                  | Stlth-}
 21157 | D:11     | Found a shimmering altar of Xom.
 21368 | D:11     | You fall into a shaft and drop 3 floors!
 21368 | D:14     | Found an ancient bone altar of Kikubaaqudgha.
 21647 | D:13     | Reached skill level 15 in Armour
 22446 | D:13     | Found a gate to the Vaults.
 23094 | D:12     | Noticed Psyche
 23113 | D:12     | Killed Psyche
 23321 | D:12     | Identified the +0 pair of boots of Mew Keih {rC++ rCorr}
                  | (Okawaru gifted it to you on level 12 of the Dungeon)
 23321 | D:12     | Received a gift from Okawaru
 23391 | D:12     | Found a broken altar of Ashenzari.
 24474 | D:15     | Entered Level 15 of the Dungeon
 24961 | D:15     | Found a staircase to the Depths.
 25447 | Swamp:1  | Entered Level 1 of the Swamp
 25469 | Swamp:1  | Reached skill level 1 in Dodging
 25847 | Spider:1 | Entered Level 1 of the Spider Nest
 26089 | Spider:1 | Received a gift from Okawaru
 26372 | Spider:1 | Reached skill level 5 in Dodging
 26421 | Spider:1 | Received a gift from Okawaru
 27393 | Spider:2 | Reached skill level 1 in Throwing
 27400 | Spider:2 | Noticed Arachne
 27659 | Spider:1 | Killed Arachne
 27660 | Spider:1 | Reached XP level 18. HP: 75/96 MP: 28/28
 28198 | Spider:3 | Noticed Agnes
 28198 | Spider:3 | Noticed Mlioglotl
 28219 | Spider:2 | Killed Mlioglotl
 28229 | Spider:2 | Killed Agnes
 28275 | Spider:2 | Received a gift from Okawaru
 28298 | Spider:3 | Paralysed by a hornet for 1 turns
 28522 | Spider:3 | Noticed Asterion
 28755 | Spider:1 | Killed Asterion
 29356 | Spider:3 | Received a gift from Okawaru
 29666 | Spider:4 | Entered Level 4 of the Spider Nest
 30046 | Spider:4 | Found the ring of Shadows {Umbra +Inv Stlth+}
 30337 | Spider:4 | Reached skill level 10 in Dodging
 30701 | Spider:4 | Received a gift from Okawaru
 30790 | Spider:4 | Received a gift from Okawaru
 30791 | Spider:4 | Reached XP level 19. HP: 102/102 MP: 19/29
 30864 | Spider:4 | Got a gossamer rune of Zot
 30982 | Spider:4 | Upgraded the game from 0.28-a0-779-g3d1f99b579 to
                  | 0.28-a0-793-g31680bbd8b
 31192 | Swamp:1  | Noticed Aizul
 31217 | Swamp:1  | Killed Aizul
 31642 | Swamp:2  | Noticed a tentacled monstrosity
 31664 | Swamp:2  | Killed a tentacled monstrosity
 32364 | Swamp:2  | Received a gift from Okawaru
 32514 | Swamp:3  | Noticed Nikola
 32531 | Swamp:3  | Killed Nikola
 32640 | Swamp:3  | Noticed a tentacled monstrosity
 32649 | Swamp:3  | Killed a tentacled monstrosity
 32831 | Swamp:3  | Noticed Louise
 32854 | Swamp:3  | Killed Louise
 33354 | Swamp:4  | Entered Level 4 of the Swamp
 33502 | Swamp:4  | Received a gift from Okawaru
 34494 | Swamp:4  | Reached XP level 20. HP: 99/109 MP: 30/30
 34517 | Swamp:4  | Got a decaying rune of Zot
 34872 | Elf:1    | Entered Level 1 of the Elven Halls
 34872 | Elf:1    | Found a runed translucent gate.
 34872 | Elf:1    | Found a runed translucent gate.
 34872 | Elf:1    | Found a runed translucent gate.
 34872 | Elf:1    | Found a runed translucent gate.
 34872 | Elf:1    | Found a runed translucent gate.
 34872 | Elf:1    | Found a runed translucent gate.
 34878 | Elf:1    | Found a runed translucent door.
 34889 | Elf:1    | Found a runed translucent door.
 35233 | Elf:1    | Identified the +6 scimitar "Wucs" {flame, Int+7 Stlth+}
                  | (Okawaru gifted it to you on level 1 of the Elven Halls)
 35233 | Elf:1    | Received a gift from Okawaru
 35521 | Elf:1    | Found Doenudd's Book Emporium.
 35781 | Elf:1    | Identified the +6 chain mail "Estonoch" {Str+5 Slay+2
                  | Stlth+}
 36212 | Elf:2    | Found a runed translucent gate.
 36213 | Elf:2    | Found a runed translucent gate.
 36214 | Elf:2    | Found a runed translucent gate.
 36232 | Elf:2    | Received a gift from Okawaru
 36471 | Elf:2    | Received a gift from Okawaru
 37010 | Elf:3    | Entered Level 3 of the Elven Halls
 37441 | Elf:3    | Identified the +5 rapier of the Saviour {drain, rF+++ rN++}
 37441 | Elf:3    | Identified the amulet "Okyalunn" {Faith Harm +Blink +Inv
                  | rN+}
 37445 | Elf:3    | Noticed Donald
 37457 | Elf:3    | Killed Donald
 37796 | Elf:3    | Found a shimmering blue altar of Sif Muna.
 37820 | Elf:3    | Identified Roxanne's Tome of Earth
 37820 | Elf:3    | Noticed Roxanne
 37834 | Elf:3    | Killed Roxanne
 37834 | Elf:3    | Received a gift from Okawaru
 38049 | Elf:3    | Reached XP level 21. HP: 116/116 MP: 20/31
 38068 | Elf:3    | Identified the ring of Urusinku {rN+ Str+4 Dex+6}
 38218 | Elf:3    | Identified the +3 spear of the Witching Viper {holy, Str+4}
 38218 | Elf:3    | Identified the ring "Xygygh" {Fire MP+9 Str+2}
 38293 | Elf:3    | Found the +2 hat of the Bear Spirit {Spirit, *Rage rN+
                  | Will++}
 38698 | Vaults:1 | Entered Level 1 of the Vaults
 39261 | Vaults:1 | Reached skill level 15 in Fighting
 39480 | Vaults:1 | Received a gift from Okawaru
 39793 | Vaults:1 | Found a runed translucent gate.
 39793 | Vaults:1 | Found a runed translucent gate.
 39793 | Vaults:1 | Found a runed translucent gate.
 39795 | Vaults:1 | Noticed Tewud's ghost (journeyman FeIE)
 39851 | Vaults:1 | Killed Tewud's ghost
 40246 | Vaults:2 | Identified the +1 chain mail of Poxank {Str+3} (Okawaru
                  | gifted it to you on level 2 of the Vaults)
 40246 | Vaults:2 | Received a gift from Okawaru
 40414 | Vaults:2 | Reached XP level 22. HP: 123/123 MP: 32/32
 41206 | Vaults:3 | Identified a scroll of acquirement
 41207 | Vaults:3 | Acquired the +0 pair of gloves of the Six Mystics {rPois
                  | Will+ rCorr}
 41381 | Vaults:3 | Noticed Xtahua
 41394 | Vaults:3 | Killed Xtahua
 41735 | Vaults:3 | Received a gift from Okawaru
 41795 | Vaults:3 | Found a staircase to the Crypt.
 42952 | Vaults:4 | Received a gift from Okawaru
 43430 | Vaults:4 | Noticed Margery
 43472 | Vaults:4 | Killed Margery
 43539 | Vaults:4 | Reached XP level 23. HP: 109/130 MP: 26/33
 43543 | Vaults:4 | Received a gift from Okawaru
 43597 | Vaults:4 | Found Cifeggong's Antique Armour Shop.
 43680 | Vaults:4 | Received a gift from Okawaru
 43929 | Vaults:5 | Entered Level 5 of the Vaults
 43960 | Vaults:5 | Noticed a golden dragon
 43963 | Vaults:5 | Noticed an ancient lich
 43972 | Vaults:5 | Killed a golden dragon
 43988 | Vaults:5 | Killed an ancient lich
 44487 | Vaults:5 | Identified the +0 pair of gloves of Theory {rC++} (Okawaru
                  | gifted it to you on level 5 of the Vaults)
 44487 | Vaults:5 | Received a gift from Okawaru
 44637 | Vaults:5 | Got a silver rune of Zot
 45215 | Vaults:5 | Noticed a golden dragon
 45238 | Vaults:5 | Killed a golden dragon
 45238 | Vaults:5 | Identified the +6 hand crossbow "Akkyara" {freeze, Str+4
                  | Int-4} (Okawaru gifted it to you on level 5 of the Vaults)
 45238 | Vaults:5 | Received a gift from Okawaru
 45239 | Vaults:5 | Reached XP level 24. HP: 122/142 MP: 28/33
 46124 | Vaults:5 | Identified the +9 dagger of Eternal Vigilance {drain,
                  | *Corrode rPois Str+2 SInv}
 46879 | D:10     | You paid a toll of +2 storm dragon scales to enter a
                  | treasure trove
 46880 | Trove    | Entered a treasure trove
 46903 | Trove    | Identified the ring "Goalezys" {rElec Str+7 Dex+6}
 46923 | Trove    | Identified the +0 plate armour "Xyghumy" {rElec rF+++ Str-2
                  | Int-2}
 47525 | Depths:1 | Entered Level 1 of the Depths
 47526 | Depths:1 | Noticed Sojobo
 47543 | D:15     | Killed Sojobo
 47586 | Depths:1 | Found a transporter.
 47628 | Depths:1 | Identified the +0 pair of gloves of Ecvac {rElec Str+3
                  | Int+3} (Okawaru gifted it to you on level 1 of the Depths)
 47628 | Depths:1 | Received a gift from Okawaru
 47649 | Depths:1 | Noticed flotson's ghost (adept DsDe)
 47661 | Depths:1 | Found a gateway to Hell.
 47877 | Depths:1 | Found a transporter.
 48416 | Depths:2 | Found a bloodstained altar of Trog.
 48488 | Depths:2 | Found a basalt altar of Yredelemnul.
 48498 | Depths:2 | Found a gateway to a ziggurat.
 48737 | Depths:2 | Received a gift from Okawaru
 48847 | Depths:2 | Got Etuamaso's Grimoire of Attacks and Venom
 48848 | Depths:2 | Identified the ring of Rathraz {rC+ Dex+3}
 49139 | Depths:2 | Gained mutation: You are weak. (Str -2) [a neqoxec]
 49148 | Depths:2 | Found a one-way gate leading to the halls of Pandemonium.
 49185 | Depths:2 | Identified the ring "Aqyricot" {Wiz Will++ rCorr Str-5
                  | Int+8}
 49744 | Depths:3 | Found an iron altar of Okawaru.
 49825 | Depths:3 | Found a one-way gate to the infinite horrors of the Abyss.
 49860 | Depths:3 | Received a gift from Okawaru
 50144 | Depths:3 | Reached XP level 25. HP: 134/151 MP: 33/33
 50446 | Depths:3 | Got the Grimoire of Ice and the Rocks
 50448 | Depths:3 | Got the Guide on Scorching Contamination
 50655 | Depths:3 | Found a glowing silver altar of Zin.
 50961 | Depths:4 | Entered Level 4 of the Depths
 51328 | Depths:4 | Identified the +3 ring mail of the Equinox {rElec Will+
                  | Regen+ Int-3} (Okawaru gifted it to you on level 4 of the
                  | Depths)
 51328 | Depths:4 | Received a gift from Okawaru
 51367 | Depths:4 | Reached skill level 15 in Dodging
 51746 | Depths:4 | Found a gate to the Realm of Zot.
 51908 | Depths:1 | Killed flotson's ghost
 51912 | Depths:1 | Identified the +0 hat of Plasticity {Harm Int-5 Slay+3}
 52012 | Zot:1    | Entered Level 1 of the Realm of Zot
 52086 | Zot:1    | Got the Papyrus of Curses and the Glacier
 52104 | Zot:1    | Reached skill level 1 in Evocations
 52162 | Zot:1    | Found a transporter.
 52242 | Zot:1    | Identified the +8 morningstar of Givuucw {venom, +Blink
                  | Will+++ Str-5 SInv}
 52261 | Zot:1    | Found a transporter.
 52631 | Zot:1    | Identified the +0 cloak "Uzuneig" {Slay+5} (Okawaru gifted
                  | it to you on level 1 of the Realm of Zot)
 52631 | Zot:1    | Received a gift from Okawaru
 52686 | Zot:1    | Reached XP level 26. HP: 156/156 MP: 33/33
 52771 | Zot:1    | Gained mutation: You are frail. (-10% HP) [a cacodemon]
 52773 | Zot:1    | Reached skill level 5 in Evocations
 52805 | Zot:1    | Identified the ring "Vaoderut" {Fly SInv}
 52835 | Zot:1    | Identified the amulet of Palaosumie {Reflect Str-4 Dex+4
                  | SH+5 Stlth+}
 52847 | Zot:1    | Reached XP level 27. HP: 144/144 MP: 33/33
 53306 | Zot:2    | Identified the +0 robe of Pamiqedi {Harm rF++ rCorr Slay-4}
 54022 | Zot:3    | Found a large runed translucent door.
 54022 | Zot:3    | Found a large runed translucent door.
 54030 | Zot:3    | Identified the +0 hat of Lust {Int+5} (Okawaru gifted it to
                  | you on level 3 of the Realm of Zot)
 54030 | Zot:3    | Received a gift from Okawaru
 54060 | Zot:3    | Noticed SirDiesAlot's ghost (legendary MiDe)
 54156 | Zot:3    | Noticed an orb of fire
 54811 | Zot:3    | Killed SirDiesAlot's ghost
 54819 | Zot:3    | Identified the amulet "Kilium" {Reflect SH+5 Stlth+}
 54908 | Zot:4    | Reached skill level 10 in Evocations
 55010 | Zot:4    | Received a gift from Okawaru
 55139 | Zot:4    | Noticed an orb of fire
 55161 | Zot:4    | Killed an orb of fire
 55212 | Zot:4    | Identified the +6 short sword of the Kidney {drain, rElec
                  | rC+}
 55793 | Zot:4    | Lost mutation: You are frail. (-10% HP) [potion of
                  | mutation]
 55793 | Zot:4    | Lost mutation: You are weak. (Str -2) [potion of mutation]
 55793 | Zot:4    | Gained mutation: Your spells are a little easier to cast,
                  | but a little less powerful. [potion of mutation]
 55793 | Zot:4    | Gained mutation: You are clumsy. (Dex -2) [potion of
                  | mutation]
 55793 | Zot:4    | Gained mutation: You are dopey. (Int -2) [potion of
                  | mutation]
 55814 | Zot:5    | Entered Level 5 of the Realm of Zot
 56374 | Zot:5    | Noticed an ancient lich
 56387 | Zot:5    | Killed an ancient lich
 56404 | Zot:5    | Noticed an orb of fire
 56404 | Zot:5    | Noticed an ancient lich
 56418 | Zot:5    | Killed an orb of fire
 56418 | Zot:5    | Received a gift from Okawaru
 56427 | Zot:5    | Killed an ancient lich
 56444 | Zot:5    | Noticed a dread lich
 56455 | Zot:5    | Noticed an ancient lich
 56456 | Zot:5    | Killed a dread lich
 56458 | Zot:5    | Noticed an orb of fire
 56460 | Zot:5    | Killed an ancient lich
 56472 | Zot:5    | Killed an orb of fire
 56502 | Zot:5    | Mangled by an Orb Guardian

Illustrated notes

Levels and vault maps discovered:
D:1:      lemuel_arrival_rhombus, layout_loops_ring, minmay_misc_feat_roman
D:2:      layout_basic, basic_altar, minmay_bisected
D:3:      layout_rooms, nemelex_spade_bored_becter, serial_shops, shop_statue,
          shapermc_ecumenical_altar_petra, uniq_terence
D:4:      layout_loops_ring, fedhas_altar_decomposition, minmay_rat_hole,
          uniq_ijyb
D:5:      layout_basic, gammafunk_temple_overflow_arena, temple_hall,
          minmay_circle_x
D:6:      layout_rooms, bh_walls_and_bars
D:7:      layout_gridville, nicolae_wu_jian_immortal_techniques, uniq_duvessa,
          uniq_pikel, uniq_crazy_yiuf_cottage
D:8:      layout_cave_pools, dpeg_lair_monsters, corexii_hall_statues_l,
          uniq_harold
D:9:      layout_stronghold
D:10:     dragon1_lemuel, layout_irregular_city,
          nicolae_hepliaklqana_monster_ancestors, minmay_orc_entry_guard_dogs,
          serial_shops, nicolae_take_the_stairs, trove_entry_hex_spiral
D:11:     layout_layer_cave, gauntlet_entry_generic, xom_teletrap_fun
D:12:     minmay_connected_triangles_in_corner, layout_cave_pools,
          dk_vineyard_3, ashenzari_altar_1, uniq_fannar, uniq_psyche,
          uniq_rupert
D:13:     layout_loops_ring, hangedman_vaults_entry_quadrant_bands, special_room
          [special_room_orc]
D:14:     layout_basic, amcnicky_mini_pool_small,
          nicolae_kikubaaqudgha_miasma_corner
D:15:     hangedman_depths_entry_civil_slaughter, layout_loops_ring,
          minmay_misc_feat_iff
Temple:   regret_index_temple_generic_petals
Lair:1:   layout_chaotic_city
Lair:2:   layout_regular_city, bobbens_dragon_lair_wall
Lair:3:   layout_regular_city, minmay_swamp_entry_reptiles, grunt_megastairs_1,
          uniq_gastronok
Lair:4:   layout_loops_ring, nicolae_spider_entry_tight_spaces
Lair:5:   layout_regular_city, lemuel_fruit_fields, serial_bayou_shore_b,
          uniq_urug
Lair:6:   hangedman_lair_in_review, layout_gridlike,
          minmay_slime_entry_jelly_boxes, grunt_megastairs_2,
          serial_bayou_shore_b
Swamp:1:  layout_falls_marsh, nicolae_swamp_tree_isthmus, swamp_pool3,
          infiniplex_staircase_pool, uniq_aizul
Swamp:2:  nicolae_swamp_decorative_isthmus, layout_falls_marsh,
          evilmike_swamp_ruin_wall, swamp_pool2, nicolae_swamp_soggy_hallways
Swamp:3:  layout_basic_swamp, nicolae_swamp_dense_foliage, swamp_pool1,
          nicolae_swamp_super_fun_site, uniq_nikola, uniq_louise
Swamp:4:  swamp_basic_johnstein, layout_basic_swamp, swamp_pool1,
          beargit_elvish_explorers
Spider:1: layout_chambers
Spider:2: layout_spider_delve, special_room [special_room_bee], uniq_arachne
Spider:3: nicolae_spider_jumping_over_cracks [nicolae_spider_jumping_sub_grid,
          nicolae_spider_jumping_sub_offset, nicolae_spider_jumping_sub_stairs,
          nicolae_spider_jumping_sub_rim], nicolae_spider_nook, uniq_asterion,
          uniq_agnes, uniq_mlioglotl
Spider:4: guppyfry_spider_rune
Orc:1:    layout_caves, portal_ice_cave_entry_pillars_2, uniq_erolcha
Orc:2:    st_orc_open, layout_diamond_mine, serial_shops, nicolae_shop_trees,
          uniq_snorg
Elf:1:    nicolae_elf_arrival_dilemma, layout_loops_corners, serial_shops, shop,
          minmay_elf_crystal_hexagon
Elf:2:    elven_hall_of_blades_hangedman_original
          [nicolae_blade_entry_antechamber], layout_loops_cross
Elf:3:    grunt_elf_hall_asides, layout_geoelf_castle, basic_altar, drop_trap,
          uniq_donald, uniq_roxanne
Vaults:1: gammafunk_ghost_necromancy, v_misc_9, hangedman_vaults_river_flow,
          v_misc_16, vaults_room_corners, vaults_room_large_hall, v_misc_23,
          nicolae_vaults_specimen_jars, vaults_dpeg_hooks, v_misc_12,
          st_lattice, layout_vaults_omnicross
Vaults:2: vaults_dpeg_diagonal, nicolae_vaults_quartermaster,
          vaults_dpeg_encased_lava, nicolae_vaults_yaktaur_gun_rack,
          v_alt_pattern_2, nicolae_vaults_puzzle_piece, vaults_standard_mumra_x,
          vaults_room_octagon, dpeg_vaults_monster_row, vaults_dpeg_ring,
          nicolae_vaults_little_squares_6, v_rooms_3, layout_vaults_maze
Vaults:3: vaults_room_semicircle, minmay_crypt_entry_nasty_monster,
          nicolae_vaults_ring_of_whatevers, v_misc_12,
          nicolae_vaults_know_your_exits, nicolae_vaults_mini_display_case,
          hangedman_vaults_nails, layout_vaults_chaotic_city, uniq_xtahua
Vaults:4: v_rooms_2, nicolae_vaults_rhombus_7, nicolae_vaults_rhombus_5,
          vaults_room_stairs_pillars, vaults_room_large_hall,
          ontoclasm_vaults_ligature, v_misc_12, layout_vaults_quadrants,
          serial_shops, nicolae_shop_crystal, uniq_margery
Vaults:5: serial_shops
Depths:1: layout_cave_pools, minmay_fountain_box, grunt_hell_horde,
          gammafunk_ghost_berserking_beasts, minivault_11,
          kennysheep_small_spiral, kennysheep_generic_room_13, uniq_sojobo
Depths:2: minmay_nine_rooms, layout_small_grid, enter_ziggurat_e,
          hangedman_coc_ice_floe, trog_three_pillars_becter,
          grunt_pan_entry_in_and_out, yredelemnul_altar_generic
Depths:3: minmay_the_grid_triangle_9x9_rhombus_full
          [minmay_the_grid_triangle_9x9_zippers_vertical,
          minmay_the_grid_triangle_9x9_skeleton,
          minmay_the_grid_triangle_9x9_checkered,
          minmay_the_grid_triangle_9x9_dagger,
          minmay_the_grid_triangle_9x9_zippers_horizontal,
          minmay_the_grid_triangle_9x9_thin_v,
          minmay_the_grid_triangle_9x9_empty,
          minmay_the_grid_triangle_9x9_prize_center], layout_honeycomb,
          abyss_entry, okawaru_trees_1, hell_entry, zin_treasury,
          infiniplex_staircase_zigzag_1
Depths:4: grunt_zot_entry_gee_three, layout_cave_shapes, hell_entry, pan_entry
Zot:1:    gammafunk_dig_for_victory, layout_misc_corridors
Zot:2:    layout_misc_corridors
Zot:3:    layout_concentric_octagons, ebering_ghost_disaster_area, nrook_zot_tub
Zot:4:    dreamdust_black_sun_cult, layout_gridville
Zot:5:    layout_gridville

Skill      XL: |  1  2  3  4  5  6  7  8  9 10 11 12 13 14 15 16 17 18 19 20 21 22 23 24 25 26 27 |
---------------+----------------------------------------------------------------------------------+-----
Long Blades    | 2 3 4 5 6 8 9 10 12 13 15 | 15.4
Armour         | 3 6 7 8 12 14 16 17 19 20 22 | 22.6
Shields        | 3 5 |  5.6
Invocations    | 1 5 7 12 | 12.1
Fighting       | 4 8 10 11 13 14 15 16 19 22 | 22.0
Dodging        | 5 10 11 12 16 19 | 19.5
Throwing       | 2 3 |  3.9
Evocations     | 4 6 13 | 13.2

Action                   |  1- 3 |  4- 6 |  7- 9 | 10-12 | 13-15 | 16-18 | 19-21 | 22-24 | 25-27 || total
-------------------------+-------+-------+-------+-------+-------+-------+-------+-------+-------++-------
Melee: Long sword        |   103 |   160 |   321 |   732 |    47 |       |       |       |       ||  1363
       Bite              |    26 |    41 |   129 |   354 |   285 |   886 |   819 |  1182 |   831 ||  4553
       Short sword       |       |       |       |    46 |    56 |    12 |       |       |       ||   114
       Scimitar          |       |       |       |       |   424 |  1479 |    97 |       |       ||  2000
       Demon blade       |       |       |       |       |    63 |   442 |  1611 |  1851 |  1342 ||  5309
Throw: Dart              |       |       |       |       |       |    36 |       |       |       ||    36
Invok: Heroism           |       |       |       |     8 |     4 |    19 |    14 |     8 |    14 ||    67
       Finesse           |       |       |       |     1 |       |     3 |     1 |     1 |     5 ||    11
Evoke: Wand              |       |       |     3 |     4 |       |     6 |       |     1 |     8 ||    22
       Condenser vane    |       |       |       |       |       |       |     3 |     2 |     2 ||     7
       Lightning rod     |       |       |       |       |       |       |       |       |     4 ||     4
  Use: Potion            |       |     1 |       |     1 |     2 |     4 |       |       |     6 ||    14
       Scroll            |       |       |    14 |     9 |     7 |    11 |     4 |     7 |    11 ||    63
 Stab: Petrified         |       |       |       |       |     1 |     2 |       |       |       ||     3
       Petrifying        |       |       |       |       |     1 |     1 |       |       |       ||     2
       Confused          |       |       |       |       |       |       |       |     2 |     7 ||     9
Armor: Scale mail        |    40 |    12 |       |       |       |       |       |       |       ||    52
       Chain mail        |       |    83 |    66 |       |       |       |       |       |       ||   149
       Plate armour      |       |       |    96 |   311 |   263 |  1099 |   608 |   399 |       ||  2776
       Gold dragon scale |       |       |       |       |       |       |       |   237 |   739 ||   976
Dodge: Dodged            |    45 |    53 |    86 |   262 |   249 |  1302 |  1069 |  1058 |  1056 ||  5180
       Repelled          |       |       |     1 |     8 |       |    10 |    41 |    14 |    10 ||    84
Block: Buckler           |    25 |    27 |    79 |   195 |   153 |   547 |   375 |   474 |   412 ||  2287

Table legend: (Time is in decaauts)
 A = Elapsed time spent in this place.
 B = Non-inter-level travel time spent in this place.
 C = Inter-level travel time spent in this place.
 D = Time resting spent in this place.
 E = Time spent auto-exploring this place.
 F = Levels seen in this place.
 G = Mean time per level.
                   A        B        C        D        E       F      G
               +--------+--------+--------+--------+--------+-----+--------+
         Total |  53844 |  48702 |   5142 |   1544 |  32922 |  52 | 1035.5 |
       Dungeon |  15688 |  13816 |   1872 |    452 |   9943 |  15 | 1045.9 |
        Temple |    276 |    220 |     56 |      0 |    218 |   1 |  276.0 |
          Lair |   7764 |   6541 |   1223 |    304 |   4300 |   6 | 1294.0 |
         Swamp |   3376 |   3143 |    233 |    122 |   1995 |   4 |  844.0 |
   Spider Nest |   4594 |   4261 |    333 |    371 |   2400 |   4 | 1148.5 |
  Orcish Mines |   1851 |   1336 |    515 |      9 |    890 |   2 |  925.5 |
   Elven Halls |   3541 |   3185 |    356 |     82 |   2131 |   3 | 1180.3 |
        Vaults |   7330 |   7098 |    232 |     74 |   4954 |   5 | 1466.0 |
        Depths |   4022 |   3836 |    186 |     72 |   2781 |   4 | 1005.5 |
           Zot |   4133 |   4002 |    131 |     54 |   2722 |   5 |  826.6 |
         Trove |     87 |     87 |      0 |      0 |     73 |   1 |   87.0 |
      Ice Cave |    483 |    483 |      0 |      3 |    191 |   1 |  483.0 |
      Gauntlet |    692 |    692 |      0 |      0 |    321 |   1 |  692.0 |
               +--------+--------+--------+--------+--------+-----+--------+

Top non-repeatable levels by time:
Vaults:5: 2438 daAuts
    D:10: 1603 daAuts
Spider:1: 1595 daAuts
  Lair:2: 1477 daAuts
Depths:3: 1403 daAuts
   Elf:3: 1401 daAuts
   Orc:2: 1394 daAuts
Vaults:4: 1391 daAuts
  Lair:4: 1382 daAuts
     D:2: 1373 daAuts
  Lair:6: 1348 daAuts
     D:7: 1344 daAuts
  Lair:3: 1293 daAuts
   Zot:3: 1263 daAuts
Vaults:3: 1224 daAuts
